PA
YELLOWKNIFE DRAGONBLOOD @ WALLA WALLA WALLEYE
05/13/2025
 
TOP OF THE 1ST
Yellowknife Dragonblood batting - Pitching for Walla Walla Walleye : RHP Horatio McAllister
Pitching: RHP Horatio McAllister
Batting: RHB Jorge López 0-0: Ball
1-0: Ball
2-0: Ball
3-0: Base on Balls
Batting: SHB Daniel Godart 0-0: Called Strike
0-1: Swinging Strike
0-2: DOUBLE (Line Drive, 9LM)
Jorge López to third
Batting: LHB John O'Day 0-0: Ball
1-0: Foul Ball, location: 2F
1-1: Ball
2-1: Swinging Strike
2-2: Ball
3-2: Foul Ball, location: 2F
3-2: Base on Balls
Batting: LHB Colin Worthington 0-0: Foul Ball, location: 2F
0-1: Swinging Strike
0-2: Ball
1-2: Foul Ball, location: 2F
1-2: Strikes out swinging
Batting: RHB Arturo Sánchez 0-0: Ball
1-0: Ball
2-0: Fly out, F5 (Popup, 5)
Batting: RHB Mareka Naidoo 0-0: Called Strike
0-1: Ball
1-1: Foul Ball, location: 2F
1-2: Strikes out swinging
Top of the 1st over - 0 run(s), 1 hit(s), 0 error(s), 3 left on base; Yellowknife 0 - Walla Walla 0
BOTTOM OF THE 1ST
Walla Walla Walleye batting - Pitching for Yellowknife Dragonblood : RHP Currito Melena
Pitching: RHP Currito Melena
Batting: LHB Michael Malloy 0-0: Called Strike
0-1: Fly out, F4 (Popup, 3D)
Batting: SHB David Martínez 0-0: Fly out, F9 (Line Drive, 9LS)
Batting: RHB Jing-sheng Joo 0-0: Ground out 4-3 (Groundball, 4)
Bottom of the 1st over - 0 run(s), 0 hit(s), 0 error(s), 0 left on base; Yellowknife 0 - Walla Walla 0
TOP OF THE 2ND
Yellowknife Dragonblood batting - Pitching for Walla Walla Walleye : RHP Horatio McAllister
Batting: RHB Rob Berry 0-0: Ball
1-0: Ball
2-0: Called Strike
2-1: Foul Ball, location: 2F
2-2: Fly out, F8 (Flyball, 8LD)
Batting: RHB Louis Gibbons 0-0: Ball
1-0: Ball
2-0: Ball
3-0: Base on Balls
Batting: RHB Seth Rollins 0-0: Ball
1-0: Swinging Strike
1-1: Grounds out, U3 (Groundball, 3L)
Batting: RHB Jorge López 0-0: Ball
1-0: Ball
2-0: Ball
3-0: Called Strike
3-1: Foul Ball, location: 2F
3-2: Reached on error, E5 (Groundball, 56S)
Louis Gibbons to third
Batting: SHB Daniel Godart 0-0: Ball
1-0: Foul Ball, location: 2F
1-1: Called Strike
1-2: Ball
2-2: Ball
3-2: Base on Balls
Jorge López to second
Batting: LHB John O'Day 0-0: Ball
1-0: Ball
2-0: Ball
3-0: Called Strike
3-1: Base on Balls
Louis Gibbons scores
Jorge López to third
Daniel Godart to second
Pitching: RHP Oriol Razo
Batting: LHB Colin Worthington 0-0: Swinging Strike
0-1: Foul Ball, location: 2F
0-2: Ball
1-2: Ball
2-2: Strikes out swinging
Top of the 2nd over - 1 run(s), 0 hit(s), 1 error(s), 3 left on base; Yellowknife 1 - Walla Walla 0
BOTTOM OF THE 2ND
Walla Walla Walleye batting - Pitching for Yellowknife Dragonblood : RHP Currito Melena
Batting: LHB Juan Aranda 0-0: Called Strike
0-1: Ball
1-1: Ball
2-1: Fly out, F9 (Flyball, 9D)
Batting: RHB Isuru Tanaka 0-0: Called Strike
0-1: Fly out, F9 (Flyball, 9LMF)
Batting: LHB Gareth Monahan 0-0: Ball
1-0: Ball
2-0: Called Strike
2-1: Ball
3-1: Ground out 4-3 (Groundball, 4)
Bottom of the 2nd over - 0 run(s), 0 hit(s), 0 error(s), 0 left on base; Yellowknife 1 - Walla Walla 0
TOP OF THE 3RD
Yellowknife Dragonblood batting - Pitching for Walla Walla Walleye : RHP Oriol Razo
Batting: RHB Arturo Sánchez 0-0: Called Strike
0-1: Ground out 6-3 (Groundball, 6)
Batting: RHB Mareka Naidoo 0-0: Called Strike
0-1: Ground out 6-3 (Groundball, 6)
Batting: RHB Rob Berry 0-0: Foul Ball, location: 2F
0-1: Called Strike
0-2: Ball
1-2: Foul Ball, location: 2F
1-2: Foul Ball, location: 2F
1-2: Ball
2-2: Strikes out swinging
Top of the 3rd over - 0 run(s), 0 hit(s), 0 error(s), 0 left on base; Yellowknife 1 - Walla Walla 0
BOTTOM OF THE 3RD
Walla Walla Walleye batting - Pitching for Yellowknife Dragonblood : RHP Currito Melena
Batting: RHB Jerry Duke 0-0: Ball
1-0: Ground out 1-3 (Groundball, 13S)
Batting: RHB Kenneth Noid 0-0: Fly out, F8 (Flyball, 8LM)
Batting: RHB Randolph Descoteaux 0-0: Ball
1-0: Swinging Strike
1-1: Called Strike
1-2: Strikes out swinging
Bottom of the 3rd over - 0 run(s), 0 hit(s), 0 error(s), 0 left on base; Yellowknife 1 - Walla Walla 0
TOP OF THE 4TH
Yellowknife Dragonblood batting - Pitching for Walla Walla Walleye : RHP Oriol Razo
Batting: RHB Louis Gibbons 0-0: Ball
1-0: Swinging Strike
1-1: Swinging Strike
1-2: Strikes out swinging
Batting: RHB Seth Rollins 0-0: Called Strike
0-1: Swinging Strike
0-2: Ball
1-2: Ball
2-2: Ball
3-2: Foul Ball, location: 2F
3-2: Foul Ball, location: 2F
3-2: Foul Ball, location: 2F
3-2: Foul Ball, location: 2F
3-2: Strikes out swinging
Batting: RHB Jorge López 0-0: Called Strike
0-1: Foul Ball, location: 2F
0-2: Strikes out looking
Top of the 4th over - 0 run(s), 0 hit(s), 0 error(s), 0 left on base; Yellowknife 1 - Walla Walla 0
BOTTOM OF THE 4TH
Walla Walla Walleye batting - Pitching for Yellowknife Dragonblood : RHP Currito Melena
Batting: LHB Michael Malloy 0-0: Ball
1-0: SINGLE (Groundball, 56S) (infield hit)
Batting: SHB David Martínez 0-0: Swinging Strike
0-1: Ball
1-1: Ball
2-1: Ball
3-1: Foul Ball, location: 2F
3-2: Fly out, F8 (Flyball, 8RM)
Batting: RHB Jing-sheng Joo 0-0: Ball
1-0: Fielders Choice at 2nd, 6-4 (Groundball, 6MD)
Batting: LHB Juan Aranda 0-0: Ball
1-0: Called Strike
1-1: DOUBLE (Line Drive, 7LM)
Jing-sheng Joo to third
Runner from 3rd tries for Home, SAFE, no throw
Batting: RHB Isuru Tanaka 0-0: Ball
1-0: Fly out, F9 (Flyball, 89S)
Bottom of the 4th over - 1 run(s), 2 hit(s), 0 error(s), 1 left on base; Yellowknife 1 - Walla Walla 1
TOP OF THE 5TH
Yellowknife Dragonblood batting - Pitching for Walla Walla Walleye : RHP Oriol Razo
Batting: SHB Daniel Godart 0-0: Foul Ball, location: 2F
0-1: Fly out, F4 (Popup, 3D)
Batting: LHB John O'Day 0-0: Called Strike
0-1: Ball
1-1: Called Strike
1-2: Foul Ball, location: 2F
1-2: Ball
2-2: DOUBLE (Groundball, 5L)
Pitching: RHP Hugo Ordiales
Batting: LHB Colin Worthington 0-0: Ball
1-0: Ball
2-0: Ball
3-0: Base on Balls
Batting: RHB Arturo Sánchez 0-0: Fly out, F8 (Flyball, 8LM)
Batting: RHB Mareka Naidoo 0-0: Swinging Strike
0-1: Ball
1-1: Foul Ball, location: 2F
1-2: Ball
2-2: Foul Ball, location: 2F
2-2: Ball
3-2: Strikes out swinging
Top of the 5th over - 0 run(s), 1 hit(s), 0 error(s), 2 left on base; Yellowknife 1 - Walla Walla 1
BOTTOM OF THE 5TH
Walla Walla Walleye batting - Pitching for Yellowknife Dragonblood : RHP Currito Melena
Batting: LHB Gareth Monahan 0-0: Called Strike
0-1: Ball
1-1: Fly out, F9 (Flyball, 9)
Batting: RHB Jerry Duke 0-0: Ball
1-0: Ground out 1-3 (Groundball, 13S)
Batting: RHB Kenneth Noid 0-0: Foul Ball, location: 2F
0-1: Called Strike
0-2: Ball
1-2: Strikes out swinging
Bottom of the 5th over - 0 run(s), 0 hit(s), 0 error(s), 0 left on base; Yellowknife 1 - Walla Walla 1
TOP OF THE 6TH
Yellowknife Dragonblood batting - Pitching for Walla Walla Walleye : RHP Hugo Ordiales
Batting: RHB Rob Berry 0-0: Ball
1-0: Swinging Strike
1-1: Foul Ball, location: 2F
1-2: Foul Ball, location: 2F
1-2: Ball
2-2: Strikes out swinging
Batting: RHB Louis Gibbons 0-0: Ball
1-0: Swinging Strike
1-1: Foul Ball, location: 2F
1-2: Ball
2-2: Ground out 6-3 (Groundball, 6)
Batting: RHB Seth Rollins 0-0: Fly out, F9 (Flyball, 9S)
Top of the 6th over - 0 run(s), 0 hit(s), 0 error(s), 0 left on base; Yellowknife 1 - Walla Walla 1
BOTTOM OF THE 6TH
Walla Walla Walleye batting - Pitching for Yellowknife Dragonblood : RHP Currito Melena
Batting: RHB Randolph Descoteaux 0-0: Foul Ball, location: 2F
0-1: Called Strike
0-2: Strikes out looking
Batting: LHB Michael Malloy 0-0: Called Strike
0-1: Ball
1-1: Ball
2-1: Ball
3-1: Foul Ball, location: 2F
3-2: Foul Ball, location: 2F
3-2: Base on Balls
Batting: SHB David Martínez 0-0: Ball
1-0: Called Strike
1-1: Fielders Choice at 2nd, 4-6 (Groundball, 4)
Batting: RHB Jing-sheng Joo 0-0: Ball
1-0: Ball
David Martínez steals 2nd base
2-0: Fly out, F8 (Flyball, 8LD)
Bottom of the 6th over - 0 run(s), 0 hit(s), 0 error(s), 1 left on base; Yellowknife 1 - Walla Walla 1
TOP OF THE 7TH
Yellowknife Dragonblood batting - Pitching for Walla Walla Walleye : RHP Hugo Ordiales
Pinch Hitting: RHB Sacha Nieuwenburg 0-0: Foul Ball, location: 2F
0-1: Called Strike
0-2: Strikes out looking
Pinch Hitting: RHB IV Seacat 0-0: Fly out, F6 (Popup, 56)
Batting: LHB John O'Day 0-0: Ball
1-0: Ball
2-0: Ball
3-0: Called Strike
3-1: Base on Balls
Pinch Hitting: LHB Ramón Guzmán 0-0: Foul Ball, location: 2F
0-1: Foul Ball, location: 2F
0-2: Ball
1-2: Foul Ball, location: 2F
1-2: Strikes out swinging
Top of the 7th over - 0 run(s), 0 hit(s), 0 error(s), 1 left on base; Yellowknife 1 - Walla Walla 1
BOTTOM OF THE 7TH
Walla Walla Walleye batting - Pitching for Yellowknife Dragonblood : RHP Currito Melena
Now at 3B: Sacha Nieuwenburg
Now in CF: IV Seacat
Now in RF: Ramón Guzmán
Batting: LHB Juan Aranda 0-0: SINGLE (Groundball, 4D)
Batting: RHB Isuru Tanaka 0-0: Called Strike
0-1: Grounds into double play, 5-4-3 (Groundball, 56)
Batting: LHB Gareth Monahan 0-0: Swinging Strike
0-1: SINGLE (Line Drive, 6MD)
Batting: RHB Jerry Duke 0-0: Foul Ball, location: 2F
0-1: Fly out, F9 (Flyball, 9)
Bottom of the 7th over - 0 run(s), 2 hit(s), 0 error(s), 1 left on base; Yellowknife 1 - Walla Walla 1
TOP OF THE 8TH
Yellowknife Dragonblood batting - Pitching for Walla Walla Walleye : RHP Hugo Ordiales
Batting: RHB Arturo Sánchez 0-0: Ball
1-0: Ball
2-0: Foul Ball, location: 2F
2-1: SINGLE (Line Drive, 89M)
Batting: RHB Mareka Naidoo 0-0: Grounds into double play, 5-4-3 (Groundball, 56)
Pinch Hitting: LHB Tynan McFetridge 0-0: Called Strike
0-1: Foul Ball, location: 2F
0-2: Ball
1-2: SINGLE (Groundball, 34D)
Pinch Runner at 1st Andrés Escobar:
Batting: RHB Louis Gibbons 0-0: Ball
1-0: SINGLE (Line Drive, 9S)
Andrés Escobar to second
Pinch Hitting: RHB Martín Alejadre 0-0: Hit by Pitch
Andrés Escobar to third
Louis Gibbons to second
Batting: RHB Sacha Nieuwenburg 0-0: Called Strike
0-1: Swinging Strike
0-2: Strikes out looking
Top of the 8th over - 0 run(s), 3 hit(s), 0 error(s), 3 left on base; Yellowknife 1 - Walla Walla 1
BOTTOM OF THE 8TH
Walla Walla Walleye batting - Pitching for Yellowknife Dragonblood : RHP Currito Melena
Now at 1B: Andrés Escobar
Now in CF: Martín Alejadre
Pinch Hitting: RHB Maik Palen 0-0: Swinging Strike
0-1: Called Strike
0-2: Ball
1-2: Strikes out swinging
Batting: RHB Randolph Descoteaux 0-0: Foul Ball, location: 2F
0-1: Ball
1-1: Ball
2-1: Foul Ball, location: 2F
2-2: Fly out, F9 (Flyball, 9LSF)
Batting: LHB Michael Malloy 0-0: Ball
1-0: Ball
2-0: Called Strike
2-1: Foul Ball, location: 2F
2-2: Ball
3-2: Strikes out swinging
Bottom of the 8th over - 0 run(s), 0 hit(s), 0 error(s), 0 left on base; Yellowknife 1 - Walla Walla 1
TOP OF THE 9TH
Yellowknife Dragonblood batting - Pitching for Walla Walla Walleye : RHP Hugo Ordiales
Pitching: RHP Jim Unknown
Now at SS: Teofanía Contreras
Batting: RHB IV Seacat 0-0: Ball
1-0: Ground out 5-3 (Groundball, 56S)
Batting: LHB John O'Day 0-0: Ball
1-0: Called Strike
1-1: Foul Ball, location: 2F
1-2: Ball
2-2: Ball
3-2: SINGLE (Groundball, 34D)
Batting: LHB Ramón Guzmán 0-0: Ball
1-0: Ball
2-0: SINGLE (Groundball, 4MD)
John O'Day to second
Batting: RHB Arturo Sánchez 0-0: Foul Ball, location: 2F
0-1: Ball
1-1: Foul Ball, location: 2F
1-2: Strikes out swinging
Pinch Hitting: SHB Zachary Burriss 0-0: Swinging Strike
0-1: Ball
1-1: Called Strike
1-2: Foul Ball, location: 2F
1-2: Strikes out swinging
Top of the 9th over - 0 run(s), 2 hit(s), 0 error(s), 2 left on base; Yellowknife 1 - Walla Walla 1
BOTTOM OF THE 9TH
Walla Walla Walleye batting - Pitching for Yellowknife Dragonblood : RHP Currito Melena
Now at C: Anselmo Berneu
Batting: SHB David Martínez 0-0: Fly out, F8 (Line Drive, 8LM)
Batting: RHB Jing-sheng Joo 0-0: DOUBLE (Line Drive, 8LD)
Batting: LHB Juan Aranda 0-0: Intentional Walk
Batting: RHB Isuru Tanaka 0-0: Called Strike
0-1: SINGLE (Groundball, 6) (infield hit)
Jing-sheng Joo to third
Juan Aranda to second
Batting: LHB Gareth Monahan 0-0: Ball
1-0: Fly out, F7 (Flyball, 7)
Runner from 3rd tags up, SCORES, no throw
Friday, December 30th, 2016 - OOTP Baseball 17.12 Build 75